 Dungeon Crawl Stone Soup version 0.24.0-125-gc4c63601f3 (webtiles) character file.

Game seed: 1042364928200070620, levelgen mode: deterministic

50804 Johnny the Grappler (level 14, 0/219 HPs)
             Began as a Troll Berserker on Mar 8, 2020.
             Was a High Priest of Trog.
             Slain by Blodwynpig's ghost (9 damage)
             ... on level 2 of the Orcish Mines.
             The game lasted 00:22:02 (15769 turns).

Johnny the Grappler (Troll Berserker)              Turns: 15769, Time: 00:22:03

Health: 0/219      AC:  8    Str: 43    XL:     14   Next: 21%
Magic:  13/13      EV: 12    Int:  3    God:    Trog [*****.]
Gold:   548        SH:  0    Dex:  6    Spells: 13/13 levels left

rFire    . . .     SeeInvis .     - Unarmed
rCold    + . .     Gourm    +   (no shield)
rNeg     . . .     Faith    .   T - +0 troll leather armour
rPois    +         Spirit   .   (helmet restricted)
rElec    .         Reflect  .   Q - +0 cloak
rCorr    .         Harm     .   (gloves unavailable)
MR       +++..                  (boots unavailable)
Stlth    ..........             (no amulet)
HPRegen  1.26/turn              N - ring "Elaholl" {rC+ AC-3 Str+6}
MPRegen  0.13/turn              E - ring of Ewoviur {rPois MR++ Dex-3}

@: berserking (expiring), studying Summonings, heavily drained, very quick
A: large, unfitting armour, claws 3, fast metabolism 3, gourmand, regeneration
1, shaggy fur 1, tough skin 3
a: Berserk, Trog's Hand, Brothers in Arms, Renounce Religion


You were on level 2 of the Orcish Mines.
You worshipped Trog.
Trog was extremely pleased with you.
You were very full.

You visited 3 branches of the dungeon, and saw 18 of its levels.
You also visited: Ossuary and Gauntlet.

You collected 1750 gold pieces.
You spent 1202 gold pieces at shops.

Inventory:

Missiles
 F - 4 throwing nets (quivered)
Armour
 w - +0 acid dragon scales
 Q - a +0 cloak (worn)
 T - a +0 troll leather armour (worn)
Jewellery
 d - an uncursed ring of protection from cold
 e - an uncursed ring of see invisible
 q - an uncursed ring of protection from cold
 A - a +2 ring of evasion
 B - an uncursed ring of positive energy
 E - the ring of Ewoviur (right claw) {rPois MR++ Dex-3}
   (You found it in a Gauntlet)

   [ring of poison resistance]

   It affects your dexterity (-3).
   It protects you from poison.
   It affects your resistance to hostile enchantments.
 J - an uncursed amulet of harm
 K - an uncursed ring of resist corrosion
 M - an uncursed ring of fire {unknown}
 N - the ring "Elaholl" (left claw) {rC+ AC-3 Str+6}
   (You found it on level 7 of the Dungeon)

   [ring of protection]

   It affects your AC (-3).
   It affects your strength (+6).
   It protects you from cold.
 W - a +2 ring of intelligence {unknown}
Wands
 a - a wand of polymorph (10)
 c - a wand of digging (8)
 S - a wand of iceblast (7)
 U - a wand of disintegration (15)
 V - a wand of scattershot (6)
 Z - a wand of acid (8)
Scrolls
 f - 5 scrolls of teleportation
 i - a scroll of summoning
 j - 5 scrolls of remove curse
 k - 3 scrolls of enchant armour
 s - a scroll of vulnerability
 u - 3 scrolls of noise
 y - 3 scrolls of immolation
 D - a scroll of magic mapping
 I - 3 scrolls of fog
 X - a scroll of torment
Potions
 g - 4 potions of curing
 h - a potion of cancellation
 m - a potion of degeneration {unknown}
 n - 3 potions of lignification {unknown}
 o - a potion of might {unknown}
 p - 4 potions of flight {unknown}
 r - 4 potions of ambrosia {unknown}
 C - 2 potions of haste {unknown}
 G - 2 potions of agility {unknown}
 H - 3 potions of heal wounds {unknown}
 L - 4 potions of mutation {unknown}
 O - 2 potions of berserk rage {unknown}
 P - 2 potions of brilliance {unknown}
 R - a potion of resistance
 Y - a potion of magic
Books
 x - a manual of Summonings
Miscellaneous
 v - a sack of spiders
Comestibles
 b - 34 rations


   Skills:
 + Level 11.0(9.2) Fighting
 + Level 10.6(8.9) Armour
 + Level 10.9(9.2) Dodging
 + Level 12.7(10.9) Unarmed Combat


You had 13 spell levels left.
You didn't know any spells.
Your spell library contained the following spells:

 Spells                   Type           Power        Failure   Level  Hunger
 Magic Dart               Conj           #...         54%         1    ##.....
 Summon Small Mammal      Summ           #...         54%         1    ##.....
 Blink                    Tloc           N/A          69%         2    ###....
 Call Imp                 Summ           #.......     69%         2    ###....
 Slow                     Hex            #.......     69%         2    ###....
 Call Canine Familiar     Summ           #.......     89%         3    ####...
 Conjure Flame            Conj/Fire      #.......     89%         3    ####...
 Inner Flame              Hex/Fire       #.......     89%         3    ####...
 Mephitic Cloud           Conj/Pois/Air  #.......     89%         3    ####...
 Portal Projectile        Hex/Tloc       #.....       89%         3    ####...
 Spectral Weapon          Hex/Chrm       #.......     89%         3    ####...
 Summon Guardian Golem    Hex/Summ       #.......     89%         3    ####...
 Summon Ice Beast         Ice/Summ       #.......     100%        4    #####..
 Summon Lightning Spire   Summ/Air       #.......     100%        4    #####..
 Irradiate                Conj/Tmut      #.........   100%        5    ######.
 Metabolic Englaciation   Hex/Ice        #.........   100%        5    ######.
 Darkness                 Hex            #.........   100%        6    #######
 Orb of Destruction       Conj           #.........   100%        7    #######


Dungeon Overview and Level Annotations

Branches:
Dungeon (15/15)            Temple (0/1) D:4            Lair (1/6) D:8
    Orc (2/2) D:11            Elf (0/3) Orc:2        Vaults (0/5) D:14
 Depths (0/5) D:15        Ossuary (visited)         Gauntlet (visited)

Altars:
Dithmenos
Elyvilon
Gozag
Hepliaklqana
Kikubaaqudgha
Nemelex Xobeh
Sif Muna
Uskayaw
Vehumet
Xom
Yredelemnul
The Shining One
Beogh

Shops:
D:9 :   D:13 =   Orc:2 :%(}

Portals:
Trove: D:10 (give +4 fire dragon scales)

Annotations:
D:15 Louise
Orc:2 Blodwynpig's ghost, journeyman MiBe


Innate Abilities, Weirdness & Mutations

You are too large for most types of armour.
You have claws for hands.
Your metabolism is lightning-fast.
You like to eat raw meat.
Your natural rate of healing is unusually fast.
You are covered in fur. (AC +1)
You have extremely tough skin. (AC +3)


Message History

Blodwynpig's ghost hits you!!
* * * LOW HITPOINT WARNING * * *
x2 Unknown command.
You scratch Blodwynpig's ghost but do no damage.
Blodwynpig's ghost is severely damaged.
Unknown command.
You mangle Blodwynpig's ghost!!
Blodwynpig's ghost is almost destroyed.
Blodwynpig's ghost hits you.
* * * LOW HITPOINT WARNING * * *
x2 Unknown command.
You scratch Blodwynpig's ghost.
You claw Blodwynpig's ghost, but do no damage.
Blodwynpig's ghost is almost destroyed.
Unknown command.
You closely miss Blodwynpig's ghost.
Blodwynpig's ghost is almost destroyed.
Blodwynpig's ghost hits you!!
* * * LOW HITPOINT WARNING * * *
You die...

#.).#########............#
.#.## ##............##
...## #...#####......#
....# ##.##/$$#......#
.#.## #...#.≈.#......#
).## ##.##.≈.#.....## .##
####.≈.#......# .#
#.W.#......## .#
##@##..#....# )#
#.....###..## .# ##...##
#### .# ##.## .# ### .# ##


You could see Blodwynpig's ghost.

Vanquished Creatures
  Jorgrun (Orc:2)
  2 orc warlords
  A minotaur (Gauntlet)
  Azrael (D:13)
  Erolcha (D:13)
  A yaktaur captain (D:14)
  A hydra (D:15)
  4 two-headed ogres
  A death knight (D:11)
  A catoblepas (D:13)
  2 centaur warriors
  3 skeletal warriors (D:11)
  4 unseen horrors (D:14)
  7 orc sorcerers (Orc:2)
  3 manticores
  2 centaur zombies
  4 cyclopes
  7 ugly things
  3 centaur skeletons (D:14)
  A kobold demonologist (D:10)
  An ice devil (Gauntlet)
  2 yaktaurs (D:14)
  8 trolls
  A queen bee (D:10)
  A hornet (D:13)
  Grinder (D:5)
  3 hippogriffs
  7 shadows
  Sigmund (D:2)
  3 wyverns
  11 yaks
  2 wraiths
  Eustachio (D:5)
  2 fire elementals (D:13)
  2 basilisks
  3 vampire mosquitoes (D:13)
  Menkaure (D:5)
  Edmund (D:5)
  9 wargs
  2 acid dragons
  3 soldier ants
  A water moccasin (D:9)
  5 hell hounds (D:13)
  A meliai simulacrum (Gauntlet)
  5 black bears
  2 eyes of draining
  17 orc warriors
  4 sky beasts
  2 necrophages (D:11)
  2 ice beasts
  11 ogres
  A phantom (D:9)
  A centaur (D:12)
  2 crocodiles
  A big kobold (D:10)
  3 elf zombies (Ossuary)
  5 bullfrogs
  Blork the orc (D:5)
  A wyvern zombie (D:10)
  A wyvern skeleton (D:8)
  A hornet simulacrum (Gauntlet)
  12 scorpions
  26 killer bees
  6 wights
  3 howler monkeys
  7 crimson imps
  A jelly (D:11)
  5 bullfrog zombies
  3 hounds
  9 orc priests
  4 iguanas
  37 orc wizards
  A human zombie (Ossuary)
  3 bullfrog skeletons
  15 worker ants
  2 bullfrog simulacra (Gauntlet)
  4 big kobold zombies (Ossuary)
  2 hound skeletons
  2 mummies (Ossuary)
  3 gnolls (D:7)
  A howler monkey skeleton (D:5)
  8 adders
  A shadow imp (D:12)
  3 white imps (Gauntlet)
  2 oozes
  2 adder skeletons
  A dart slug (D:1)
  7 leopard geckos
  114 orcs
  2 ball pythons
  2 bats
  6 giant cockroaches
  6 goblins
  5 hobgoblins
  7 jackals
  3 quokkas
  2 frilled lizards (D:3)
  2 goblin zombies (Ossuary)
  10 hobgoblin zombies (Ossuary)
  A jackal skeleton (D:4)
  A jackal zombie (Ossuary)
  13 kobolds
  10 kobold zombies (Ossuary)
  A leopard gecko skeleton (D:4)
  5 orc zombies (Ossuary)
  4 rats
546 creatures vanquished.

Vanquished Creatures (collateral kills)
  A hydra (D:11)
  Nergalle (D:11)
  2 skeletal warriors (D:11)
  2 ugly things (D:14)
  4 orc sorcerers (Orc:2)
  2 yaks (D:10)
  2 wargs (Orc:2)
  2 orc warriors
  3 killer bees (D:10)
  A crimson imp (D:14)
  A hound (D:11)
  6 orc wizards (Orc:2)
  17 orcs
44 creatures vanquished.

Vanquished Creatures (others)
  A killer bee (D:10)
  An orc wizard (Orc:2)
  3 orcs (Orc:2)
5 creatures vanquished.

Grand Total: 595 creatures vanquished

Notes
Turn   | Place    | Note
-------+----------+-------------------------------------------
     0 | D:1      | Johnny the Troll Berserker began the quest for the Orb.
     0 | D:1      | Reached XP level 1. HP: 22/22 MP: 0/0
   200 | D:1      | Reached XP level 2. HP: 29/29 MP: 1/1
   882 | D:2      | Reached skill level 1 in Armour
   882 | D:2      | Reached XP level 3. HP: 33/36 MP: 2/2
   969 | D:2      | Found a faded altar of an unknown god.
  1290 | D:2      | Noticed Sigmund
  1312 | D:2      | Killed Sigmund
  1312 | D:2      | Reached ** piety under Trog
  1312 | D:2      | Reached skill level 4 in Unarmed Combat
  1312 | D:2      | Reached XP level 4. HP: 9/45 MP: 3/3
  1312 | D:2      | Reached XP level 5. HP: 11/53 MP: 4/4
  1622 | D:3      | Reached XP level 6. HP: 61/61 MP: 5/5
  2683 | D:4      | Found a staircase to the Ecumenical Temple.
  2919 | D:4      | Reached XP level 7. HP: 68/68 MP: 6/6
  3032 | D:4      | Found a hide-covered altar of Uskayaw.
  3035 | D:4      | Noticed a +0 dagger
  3036 | D:4      | Noticed a +0 hand axe
  3176 | D:4      | Found a shimmering altar of Xom.
  3446 | D:5      | Entered Level 5 of the Dungeon
  3475 | D:5      | Found a hazy altar of Hepliaklqana.
  3479 | D:5      | Noticed Edmund
  3494 | D:5      | Killed Edmund
  3494 | D:5      | Reached skill level 5 in Unarmed Combat
  3496 | D:5      | Found a shadowy altar of Dithmenos.
  3714 | D:5      | Noticed a two-headed ogre
  3721 | D:5      | Killed a two-headed ogre
  3721 | D:5      | Reached skill level 5 in Fighting
  3721 | D:5      | Reached skill level 5 in Dodging
  3721 | D:5      | Reached skill level 6 in Unarmed Combat
  3721 | D:5      | Reached XP level 8. HP: 80/80 MP: 7/7
  3792 | D:5      | Noticed Blork the orc
  3798 | D:5      | Killed Blork the orc
  3841 | D:5      | Noticed Grinder
  3863 | D:5      | Killed Grinder
  4050 | D:5      | Noticed Eustachio
  4058 | D:5      | Killed Eustachio
  4058 | D:5      | Reached XP level 9. HP: 78/88 MP: 8/8
  4205 | D:5      | Noticed Menkaure
  4212 | D:5      | Killed Menkaure
  4362 | D:6      | Found a sand-covered staircase.
  4372 | Ossuary  | Entered an ossuary
  4384 | Ossuary  | Reached *** piety under Trog
  4499 | Ossuary  | Reached skill level 5 in Armour
  4554 | Ossuary  | Reached **** piety under Trog
  4624 | D:6      | Reached skill level 7 in Unarmed Combat
  4712 | D:6      | Found a sparkling altar of Nemelex Xobeh.
  4713 | D:6      | Found an opulent altar of Gozag.
  4887 | D:6      | Found a shimmering blue altar of Sif Muna.
  4901 | D:6      | Found an ancient bone altar of Kikubaaqudgha.
  4910 | D:6      | Found a radiant altar of Vehumet.
  5181 | D:7      | Found a basalt altar of Yredelemnul.
  5329 | D:7      | Got a brightly glowing silver ring
  6138 | D:8      | Reached ***** piety under Trog
  6342 | D:8      | Reached XP level 10. HP: 100/100 MP: 9/9
  6355 | D:8      | Reached skill level 8 in Unarmed Combat
  6375 | D:8      | Found a staircase to the Lair.
  6407 | D:8      | Noticed a manticore
  6414 | D:8      | Killed a manticore
  6857 | Lair:1   | Entered Level 1 of the Lair of Beasts
  7063 | D:9      | Found Izxith's Book Emporium.
  7343 | D:9      | Received a gift from Trog
  7367 | D:9      | Noticed a two-headed ogre
  7378 | D:9      | Killed a two-headed ogre
  7378 | D:9      | Reached skill level 9 in Unarmed Combat
  7453 | D:10     | Entered Level 10 of the Dungeon
  7460 | D:10     | Found a glowing golden altar of the Shining One.
  7463 | D:10     | Noticed a cyclops
  7473 | D:10     | Killed a cyclops
  7542 | D:10     | Reached XP level 11. HP: 109/109 MP: 10/10
  7893 | D:10     | Identified the cursed ring "Elaholl" {rC+ AC-3 Str+6} (You
                  | found it on level 7 of the Dungeon)
  8536 | D:10     | Noticed a two-headed ogre
  8594 | D:11     | Noticed a six-headed hydra
  8602 | D:10     | Killed a two-headed ogre
  8743 | D:10     | Found a portal to a secret trove of treasure.
  9199 | D:11     | Killed a seven-headed hydra
  9457 | D:11     | Found a staircase to the Orcish Mines.
  9511 | D:11     | Noticed a cyan ugly thing
  9512 | D:11     | Noticed Nergalle
  9521 | D:11     | Killed a cyan ugly thing
  9521 | D:11     | Reached skill level 10 in Unarmed Combat
  9528 | D:11     | Killed Nergalle
  9748 | D:11     | Noticed a death knight
  9762 | D:11     | Killed a death knight
  9762 | D:11     | HP: 5/169 [mirror damage (5)]
 10084 | D:11     | Reached XP level 12. HP: 84/122 MP: 11/11
 10328 | D:11     | Noticed a two-headed ogre
 10353 | D:11     | Killed a two-headed ogre
 10977 | D:12     | Reached skill level 11 in Unarmed Combat
 11230 | D:13     | Noticed a catoblepas
 11243 | D:13     | Killed a catoblepas
 11335 | D:13     | Noticed a centaur warrior
 11344 | D:13     | Killed a centaur warrior
 11344 | D:13     | Received a gift from Trog
 11475 | D:13     | Found Nuphaont's Jewellery Shoppe.
 11674 | D:13     | Noticed Erolcha
 11687 | D:13     | Killed Erolcha
 11819 | D:13     | Noticed Azrael
 11829 | D:13     | Killed Azrael
 11831 | D:13     | HP: 6/189 [burnt (4)]
 12005 | D:13     | Reached XP level 13. HP: 81/133 MP: 12/12
 12314 | D:14     | Reached skill level 10 in Fighting
 12318 | D:14     | Found a gate to the Vaults.
 12401 | D:14     | Reached skill level 10 in Dodging
 12683 | D:14     | Found a white marble altar of Elyvilon.
 12892 | D:14     | Reached skill level 12 in Unarmed Combat
 13149 | D:15     | Entered Level 15 of the Dungeon
 13237 | D:15     | Reached skill level 10 in Armour
 13259 | D:15     | Found a gate leading to a gauntlet.
 13267 | Gauntlet | Entered a Gauntlet
 13267 | Gauntlet | Found a transporter.
 13267 | Gauntlet | Found a runed translucent gate.
 13267 | Gauntlet | Found a transporter.
 13296 | Gauntlet | Found a runed translucent gate.
 13305 | Gauntlet | Found a transporter.
 13308 | Gauntlet | Found a transporter.
 13316 | Gauntlet | Found a transporter.
 13320 | Gauntlet | Found a transporter.
 13328 | Gauntlet | Found a transporter.
 13344 | Gauntlet | Found a transporter.
 13358 | Gauntlet | Found a transporter.
 13362 | Gauntlet | Found a transporter.
 13364 | Gauntlet | Found a runed translucent door.
 13366 | Gauntlet | Found a runed translucent door.
 13370 | Gauntlet | Found a transporter.
 13374 | Gauntlet | Found a transporter.
 13376 | Gauntlet | Found a runed translucent gate.
 13551 | Gauntlet | Got a slimy ivory ring
 13557 | Gauntlet | Identified the ring of Ewoviur {rPois MR++ Dex-3} (You
                  | found it in a Gauntlet)
 13621 | Gauntlet | Identified the +8 scimitar of Hard Scrabble {slice, rElec
                  | rC+ Int+4}
 13621 | Gauntlet | Noticed a minotaur
 13636 | Gauntlet | Killed a minotaur
 13737 | Gauntlet | Identified the Reference Book on Icy Attacks
 13752 | D:15     | Noticed Louise
 13866 | Orc:1    | Entered Level 1 of the Orcish Mines
 13939 | Orc:1    | Noticed an orc warlord
 14080 | Orc:1    | Killed an orc warlord
 14396 | Orc:2    | Entered Level 2 of the Orcish Mines
 14610 | Orc:2    | Noticed an orc warlord
 14633 | Orc:2    | Killed an orc warlord
 14779 | Orc:2    | Reached XP level 14. HP: 143/144 MP: 13/13
 14822 | Orc:2    | Found Yraffa's Antique Weapon Boutique.
 14822 | Orc:2    | Found Usmullal's Gadget Emporium.
 15015 | Orc:2    | Found a roughly hewn altar of Beogh.
 15039 | Orc:2    | Noticed Jorgrun
 15055 | Orc:2    | Killed Jorgrun
 15168 | Orc:2    | Found a runed translucent door.
 15169 | Orc:2    | Noticed Blodwynpig's ghost (journeyman MiBe)
 15308 | Orc:2    | Found a staircase to the Elven Halls.
 15352 | Orc:2    | HP: 6/146 [ice devil[an orc sorcerer] (4)]
 15353 | Orc:2    | Received a gift from Trog
 15569 | Orc:2    | Found Ubi Sodu's Book Boutique.
 15569 | Orc:2    | Found Kigroiwu's Food Emporium.
 15574 | Orc:2    | Bought the Guide on Curses for 922 gold pieces
 15574 | Orc:2    | Bought a book of Minor Magic for 280 gold pieces
 15769 | Orc:2    | HP: 9/219 [Blodwynpig's ghost (27)]
 15769 | Orc:2    | Slain by Blodwynpig's ghost

Levels and vault maps discovered:
D:1:      dpeg_arrival_pits, layout_rooms, serial_aquarium,
          aquarium_bridge_long_joined [aquarium_subvault_bridge,
          aquarium_subvault_window, aquarium_subvault_wall,
          aquarium_subvault_wall, aquarium_subvault_balcony,
          aquarium_subvault_balcony], aquarium_bridge_square
          [aquarium_subvault_window, aquarium_subvault_wall,
          aquarium_subvault_bridge, aquarium_subvault_bridge],
          aquarium_window_2, aquarium_window_fake, aquarium_window_fake,
          aquarium_view_2f, aquarium_balcony_1b, aquarium_pool_2
D:2:      layout_loops_corners, chequers_ecumenical_altar_simple_redux,
          uniq_sigmund
D:3:      layout_basic, chequers_serial_rivers_small_3, wad_orctagon
D:4:      layout_loops_corners, kennysheep_little_box, dancing_weapons_uskayaw,
          minmay_temple_entry_water_ring, first_ration, minmay_manual_monolith
D:5:      layout_loops_corners, grunt_temple_overflow_open, uniq_eustachio,
          uniq_grinder, uniq_blork_the_orc, uniq_menkaure, uniq_edmund
D:6:      layout_loops_ring, grunt_temple_overflow_opulence,
          palyth_temple_overflow_mages, nicolae_ossuary_entry_ruins
D:7:      layout_basic, lemuel_doored_altar
D:8:      layout_basic, david_lair_generic
D:9:      layout_rooms, serial_shops, shop, hangedman_pestilent_swarm
D:10:     layout_roguey [special_room_bee], trove_entry_hex_spiral, basic_altar
D:11:     layout_gridville, hiddenorc1_lemuel, uniq_nergalle
D:12:     layout_roguey
D:13:     layout_loops_cross, serial_shops, nicolae_shop_waterfront,
          minmay_misc_feat_rugged, uniq_erolcha, uniq_azrael
D:14:     layout_loops_cross, david_vaults_2, elyvilon_altar_1, kennysheep_nub
D:15:     grunt_enter_depths_hoard, layout_rooms, gauntlet_entry_generic,
          minmay_misc_feat_chi, uniq_louise
Lair:1:   layout_concentric_octagons, gammafunk_ghost_ooze, worms_lemuel
Orc:1:    nicolae_orc_accident_2, layout_caves
Orc:2:    st_orc_town, layout_caves, ebering_ghost_reflecting_pool, uniq_jorgrun

Skill      XL: |  1  2  3  4  5  6  7  8  9 10 11 12 13 14 |
---------------+-------------------------------------------+-----
Armour         | 1 2 4 5 7 8 9 10 | 10.6
Fighting       | 3 5 6 7 8 9 10 11 | 11.0
Dodging        | 3 5 6 7 8 9 10 | 10.9
Unarmed Combat | 4 6 7 9 10 11 12 | 12.7

Action                   |  1- 3 |  4- 6 |  7- 9 | 10-12 | 13-15 || total
-------------------------+-------+-------+-------+-------+-------++-------
Melee: Unarmed           |    71 |    88 |   367 |   667 |   433 ||  1626
       Punch             |     2 |     1 |     8 |    23 |    30 ||    64
Invok: Berserk           |     1 |     1 |     5 |    19 |    15 ||    41
       Trog's Hand       |       |       |     2 |     7 |     7 ||    16
       Brothers in Arms  |       |       |       |     7 |     8 ||    15
Evoke: Wand              |       |       |       |     8 |     7 ||    15
  Use: Scroll            |       |       |       |    16 |    11 ||    27
       Potion            |       |       |       |     7 |     5 ||    12
 Stab: Sleeping          |       |       |       |     1 |       ||     1
       Distracted        |       |       |       |       |     1 ||     1
       Confused          |       |       |       |       |     1 ||     1
  Eat: Chunk             |    10 |    16 |    33 |    77 |    47 ||   183
       Ration            |       |     1 |     2 |       |     2 ||     5
Armor: Animal skin       |     2 |       |       |       |       ||     2
       Robe              |    17 |    24 |    84 |    93 |       ||   218
       Troll leather arm |       |       |       |    44 |   129 ||   173
Dodge: Dodged            |    24 |    47 |   194 |   493 |   304 ||  1062
